 Dungeon Crawl Stone Soup version 0.31.0-9-g3a7656b989 (webtiles) character file.

Game seed: 944230745699202032

5070 Marvel the Severer (level 10, -2/89 (90) HPs)
             Began as a Hill Orc Fighter on Feb 2, 2024.
             Was a Priest of Beogh.
             Killed from afar by an electric eel (4 damage)
             ... with a bolt of electricity
             ... on level 8 of the Dungeon.
             The game lasted 00:12:54 (8030 turns).

Marvel the Severer (Hill Orc Fighter)               Turns: 8030, Time: 00:12:55

HP:   -2/89 (90)    AC: 11    Str: 30    XL:     10   Next: 56%
MP:   10/10         EV:  4    Int:  8    God:    Beogh [***...]
Gold: 132           SH:  4    Dex: 10    Spells: 9/9 levels left

rFire   . . .        a - +0 war axe
rCold   . . .        c - +0 buckler
rNeg    . . .        u - +0 plate armour
rPois   .            (helmet currently unavailable)
rElec   .            (cloak currently unavailable)
rCorr   .            (gloves currently unavailable)
SInv    .            (boots currently unavailable)
Will    .....        (no amulet) Stlth
                     m - +6 ring of strength
HPRegen 0.34/turn    (no ring)
MPRegen 0.12/turn

%: no passive effects
@: beast-form, petrifying, studying Alchemy, lightly drained, very slow
A: beast (slay +2)
a: Begin Untransformation, Renounce Religion, Smiting


You were on level 8 of the Dungeon.
You worshipped Beogh.
Beogh was most pleased with you.
You were a hulking beast.
You visited 1 branch of the dungeon, and saw 8 of its levels.

You collected 407 gold pieces.
You spent 275 gold pieces at shops.

Inventory:

Hand Weapons
 a - a +0 war axe (weapon)
 B - a +0 triple crossbow
Armour
 b - a +0 scale mail
 c - a +0 buckler (worn)
 u - a +0 plate armour (worn)
 z - a +0 cloak
Jewellery
 m - a +6 ring of strength (left hand)
Talismans
 t - a beast talisman (active)
 w - a maw talisman
Wands
 A - a wand of quicksilver (9)
 C - a wand of digging (5)
Scrolls
 e - 2 scrolls of enchant weapon
 i - a scroll of revelation {unknown}
 j - 3 scrolls of torment {unknown}
 n - 2 scrolls of teleportation
 o - 3 scrolls of noise {unknown}
 p - 4 scrolls of identify
 q - 4 scrolls of blinking
 r - 3 scrolls of poison {unknown}
 v - 2 scrolls of fear {unknown}
 y - a scroll of vulnerability {unknown}
Potions
 d - 2 potions of might
 f - a potion of heal wounds
 g - 3 potions of curing
 h - a potion of attraction
 k - a potion of degeneration
 l - a potion of brilliance
 x - 2 potions of enlightenment
 D - a potion of ambrosia


   Skills:
 + Level 8.5 Fighting
 * Level 16.6 Axes
 + Level 1.0 Throwing
 - Level 3.2 Armour
 - Level 3.2 Shields
 + Level 3.8 Shapeshifting


You had 9 spell levels left.
You didn't know any spells.
Your spell library contained the following spells:

 Spells                   Type           Power      Damage    Failure   Level
 Summon Small Mammal      Summ           0%         N/A       99%         1
 Call Canine Familiar     Summ           0%         N/A       100%        3
 Gell's Gravitas          Tloc           0%         N/A       100%        3
 Stone Arrow              Conj/Erth      0%         3d7       100%        3
 Teleport Other           Tloc           0%         N/A       100%        3
 Animate Armour           Summ/Erth      0%         N/A       100%        4
 Summon Blazeheart Golem  Fire/Summ      0%         N/A       100%        4
 Summon Forest            Summ/Tloc      0%         N/A       100%        5
 Summon Mana Viper        Hex/Summ       0%         N/A       100%        5
 Dispersal                Tloc           0%         N/A       100%        6
 Summon Cactus Giant      Summ           0%         N/A       100%        6
 Lehudib's Crystal Spear  Conj/Erth      0%         10d2      100%        8


Dungeon Overview and Level Annotations

Branches:
Dungeon (8/15)             Temple (0/1) D:7
   Lair: D:8-11

Altars:
Elyvilon
Kikubaaqudgha
Nemelex Xobeh
Qazlal
Sif Muna
Trog
Uskayaw
Yredelemnul
Zin

Shops:
D:4 ?   D:6 [   D:7 =(*[([:   D:8 *

Annotations:
D:3 3 runed translucent doors, beef's ghost, amateur MfSh
D:5 2 transporters, CapUranus's ghost, novice GrFi


Message History

The bolt of electricity misses you.
The electric eel shoots out a bolt of lightning at you!
The bolt of electricity hits the electric eel.
The electric eel completely resists.
The bolt of electricity hits you.
You slash the electric eel!
The electric eel is severely wounded.
You slash the electric eel!
You kill the electric eel!
Beogh accepts your kill.
The electric eel shoots out a bolt of lightning at you!
The bolt of electricity hits you.
The electric eel shoots out a bolt of lightning at you!
The bolt of electricity hits you!
Your Throwing skill increases to level 1!
The electric eel shoots out a bolt of lightning at you!
The bolt of electricity hits you!
The electric eel shoots out a bolt of lightning at you!
The bolt of electricity hits the electric eel.
The electric eel completely resists.
The bolt of electricity hits you!
* * * LOW HITPOINT WARNING * * *
The electric eel shoots out a bolt of lightning at you!
The bolt of electricity hits you!
* * * LOW HITPOINT WARNING * * *
You see here a killer bee corpse.
The basilisk gazes at you.
You are slowing down.
The electric eel shoots out a bolt of lightning at you!
The bolt of electricity hits the electric eel.
The electric eel completely resists.
The bolt of electricity hits you!
* * * LOW HITPOINT WARNING * * *
The electric eel shoots out a bolt of lightning at you!
The bolt of electricity hits you!
* * * LOW HITPOINT WARNING * * *
The electric eel shoots out a bolt of lightning at you!
The bolt of electricity hits you!
* * * LOW HITPOINT WARNING * * *
The electric eel shoots out a bolt of lightning at you!
The bolt of electricity hits the electric eel.
The electric eel completely resists.
The bolt of electricity hits you!
You die...

##################
.................###
...#############h..##
##.# #..........# .#.#
#........†...## .#.#
..............# .#.#
##..............# .#.#
#......~S.S......# .#.#
#.....≈≈≈≈.......#
.#.###.....≈?l≈S......#
.#...#.....≈≈.≈≈≈.....#


You could see a basilisk and 3 electric eels.

Vanquished Creatures
  A hornet (D:8)
  4 yaks
  4 water moccasins
  A black bear (D:7)
  An ice beast (D:6)
  A sky beast (D:8)
  A centaur (D:7)
  A phantom (D:3)
  2 bullfrogs (D:7)
  A gnoll sergeant (D:5)
  5 scorpions
  6 wights (D:8)
  32 killer bees (D:8)
  A howler monkey (D:7)
  An electric eel (D:8)
  4 hounds
  6 jellies
  3 orc priests
  A bombardier beetle (D:6)
  2 sleepcaps
  Natasha (thrice) (D:2)
  3 iguanas
  6 orc wizards
  9 gnolls
  12 adders
  2 white imps
  2 ufetubi (D:7)
  2 dart slugs
  A ribbon worm (D:3)
  29 orcs
  6 endoplasms
  6 giant cockroaches
  7 goblins
  9 hobgoblins
  8 jackals
  9 kobolds
  3 quokkas
  9 ball pythons
  4 bats (D:1)
  3 frilled lizards
  9 rats
220 creatures vanquished.

Vanquished Creatures (others)
  An orc (D:3)
1 creature vanquished.

Grand Total: 221 creatures vanquished

Notes
Turn   | Place    | Note
-------+----------+-------------------------------------------
     0 | D:1      | Marvel the Hill Orc Fighter began the quest for the Orb.
     0 | D:1      | Reached XP level 1. HP: 19/19 MP: 1/1
   157 | D:1      | Reached skill level 3 in Axes
   162 | D:1      | Reached XP level 2. HP: 24/27 MP: 2/2
   265 | D:1      | Reached XP level 3. HP: 33/33 MP: 3/3
   266 | D:1      | Reached skill level 4 in Axes
   821 | D:2      | Noticed Natasha
   830 | D:2      | Killed Natasha
   831 | D:2      | Reached skill level 5 in Axes
   831 | D:2      | Reached XP level 4. HP: 25/41 MP: 4/4
   903 | D:2      | Found a shimmering blue altar of Sif Muna.
  1073 | D:2      | Noticed Natasha
  1080 | D:2      | Killed Natasha
  1081 | D:2      | Reached skill level 6 in Axes
  1081 | D:2      | Reached XP level 5. HP: 42/47 MP: 5/5
  1309 | D:2      | Noticed Natasha
  1319 | D:2      | Killed Natasha
  1570 | D:3      | Reached skill level 7 in Axes
  1637 | D:3      | Noticed a phantom
  1648 | D:3      | Killed a phantom
  1649 | D:3      | Reached XP level 6. HP: 44/55 MP: 6/6
  1724 | D:3      | Reached skill level 5 in Fighting
  1882 | D:3      | Found a runed translucent gate.
  1882 | D:3      | Found a runed translucent gate.
  1883 | D:3      | Found a runed translucent gate.
  1884 | D:3      | Noticed beef's ghost (amateur MfSh)
  1926 | D:3      | Became a worshipper of Beogh the Brigand
  2337 | D:4      | Reached skill level 8 in Axes
  2681 | D:4      | Reached XP level 7. HP: 54/61 MP: 7/7
  2791 | D:4      | Reached skill level 1 in Shapeshifting
  2802 | D:4      | Reached skill level 9 in Axes
  3071 | D:4      | Found Wuisaima's Magic Scroll Shop.
  3074 | D:4      | Bought a scroll of teleportation for 30 gold pieces
  3074 | D:4      | Bought a scroll of enchant weapon for 75 gold pieces
  3074 | D:4      | Bought a scroll of identify for 20 gold pieces
  3074 | D:4      | Bought 2 scrolls of blinking for 150 gold pieces
  3295 | D:5      | Entered Level 5 of the Dungeon
  3327 | D:5      | Reached * piety under Beogh
  3405 | D:5      | Reached skill level 10 in Axes
  3602 | D:5      | Reached XP level 8. HP: 51/69 MP: 8/8
  3831 | D:5      | Found a sparkling altar of Nemelex Xobeh.
  3850 | D:5      | Reached skill level 11 in Axes
  4236 | D:5      | Reached skill level 12 in Axes
  4240 | D:5      | Found a transporter.
  4242 | D:5      | Noticed CapUranus's ghost (novice GrFi)
  4243 | D:5      | Noticed a troll
  4316 | D:5      | Found a transporter.
  4642 | D:6      | Found Zoukk's Antique Armour Shop.
  4730 | D:6      | Reached XP level 9. HP: 69/78 MP: 9/9
  4919 | D:6      | Found an ancient bone altar of Kikubaaqudgha.
  5003 | D:6      | Reached ** piety under Beogh
  5341 | D:6      | Reached skill level 13 in Axes
  5495 | D:6      | Found a bloodstained altar of Trog.
  5601 | D:7      | Found a basalt altar of Yredelemnul.
  5805 | D:7      | Found Utwos's Jewellery Emporium.
  5807 | D:7      | Found Ceiwets's Weapon Shoppe.
  5808 | D:7      | Found Piopt's Armour Shop.
  5808 | D:7      | Found Bumo's Antique Weapon Boutique.
  5809 | D:7      | Found Betauwimo's Armour Shop.
  5809 | D:7      | Found Moklik's Assorted Antiques.
  5895 | D:7      | Found a hide-covered altar of Uskayaw.
  6052 | D:7      | Found a staircase to the Ecumenical Temple.
  6089 | D:7      | Found Redaama's Self-Published Books.
  6188 | D:7      | Found a white marble altar of Elyvilon.
  6254 | D:7      | Found a stormy altar of Qazlal.
  6284 | D:8      | Reached skill level 14 in Axes
  6498 | D:8      | Reached skill level 15 in Axes
  6498 | D:8      | Found Plog's Assorted Antiques.
  6737 | D:8      | Reached XP level 10. HP: 80/86 MP: 10/10
  6794 | D:8      | Reached *** piety under Beogh
  6874 | D:8      | Paralysed by a hornet for 3 turns
  6879 | D:8      | Reached skill level 16 in Axes
  7244 | D:8      | Noticed an elephant
  7484 | D:8      | HP: 4/90 [killer bee (1)]
  7498 | D:8      | HP: 4/88 [wight/+1 great sword of freezing (5)]
  7498 | D:8      | HP: 1/88 [wight/+1 great sword of freezing (3)]
  7797 | D:8      | Found a glowing silver altar of Zin.
  8027 | D:8      | Reached skill level 1 in Throwing
  8030 | D:8      | HP: 2/89 [electric eel/bolt of electricity (5)]
  8030 | D:8      | Killed from afar by an electric eel

Illustrated notes

Levels and vault maps discovered:
D:1:      nzn_arrival_depleted_hourglass, layout_basic, minmay_pentomino_s2
D:2:      layout_rooms, basic_altar, ebering_dispersal_statue_hall,
          minmay_shallow_snake_nest, uniq_natasha
D:3:      layout_rooms, gammafunk_ghost_nasty_kobolds
D:4:      layout_loops_corners, serial_shops, nicolae_shop_rolled_up
D:5:      layout_loops_corners, mainiacjoe_overflow_small_starburst,
          gammafunk_ghost_arena, portal_sewer_entry_d, minmay_manual_maat
D:6:      layout_gridville, kiku_gazebo_garden_becter, lightli_temple_of_fire,
          serial_shops, nicolae_shop_peninsula
D:7:      layout_basic, kennysheep_ying_yang, nicolae_qazlal_general_emergency,
          nicolae_overflow_hidden_temple, minmay_temple_entry_large_hall,
          nicolae_custom_books, nicolae_wooded_promenade
D:8:      wad_woods_minihive, layout_loops_cross, lemuel_tele_altar,
          serial_shops, nicolae_shop_overgrown_old_shop, grunt_decor_junction,
          disabler_island

Skill      XL: |  1  2  3  4  5  6  7  8  9 10 |
---------------+-------------------------------+-----
Axes           | 3 5 6 7 8 10 12 15 16 | 16.6
Fighting       | 4 5 6 7 8 |  8.5
Shapeshifting  | 1 2 3 |  3.8
Throwing       | 1 |  1.0
Armour         | |  3.2
Shields        | |  3.2

Action                     |  1- 3 |  4- 6 |  7- 9 | 10-12 || total
---------------------------+-------+-------+-------+-------++-------
  Melee: War axe           |    66 |   174 |   338 |   102 ||   680
  Throw: Dart              |       |       |     5 |     6 ||    11
 Invoke: Convert to Beogh  |       |     1 |       |       ||     1
    Use: Potion            |       |       |     7 |     4 ||    11
         Scroll            |       |       |     1 |       ||     1
 Armour: Scale mail        |    60 |    70 |       |       ||   130
         Plate armour      |       |    56 |   241 |   115 ||   412
  Dodge: Dodged            |    39 |    69 |    97 |    28 ||   233
  Block: Buckler           |    15 |    39 |    70 |    26 ||   150
   Form: Beast             |       |     1 |       |       ||     1
